 Dungeon Crawl Stone Soup version 0.16-a0-3178-g2c88c44 (webtiles) character file.

2793 Miyamura the Ducker (level 10, 0/74 HPs)
             Began as a Human Venom Mage on Dec 16, 2014.
             Was an Initiate of Lugonu.
             Slain by a fire bat (5 damage)
             ... on level 1 of the Abyss.
             The game lasted 00:37:56 (12318 turns).

Miyamura the Ducker (Human Venom Mage)             Turns: 12318, Time: 00:37:56

Health: 0/74       AC: 15    Str: 12    XL:     10   Next: 2%
Magic:  18/22      EV: 13    Int: 16    God:    Lugonu [......]
Gold:   500        SH:  0    Dex: 13    Spells: 2 memorised, 16 levels left

rFire  . . .     SeeInvis .     e - +2 trident (protect)
rCold  . . .     Clarity  +     l - +3 ring mail
rNeg   . . .     SustAb   .     (no shield)
rPois  .         Gourm    .     (no helmet)
rElec  .         Spirit   .     (no cloak)
rCorr  .         Warding  .     r - +0 pair of gloves
rMut   .         Stasis   .     (no boots)
MR     .....                    y - amulet of clarity
Stlth  +.........               (no ring)
                                (no ring)

@: not resistant to hostile enchantments, very unstealthy
A: no striking features
a: Renounce Religion


You were on level 1 of the Abyss.
You worshipped Lugonu.
Lugonu was noncommittal.
You were near starving.

You visited 2 branches of the dungeon, and saw 9 of its levels.
You visited the Abyss 2 times.
You also visited: Ossuary.

You collected 500 gold pieces.

Inventory:

Hand weapons
 e - a +2 trident of protection (weapon)
 o - a +0 short sword of holy wrath
Armour
 l - a +3 ring mail (worn)
 r - a +0 pair of gloves (worn)
Magical staves
 N - an uncursed staff of cold
Jewellery
 y - an amulet of clarity (around neck)
 D - a +3 ring of strength {unknown}
 F - an uncursed ring of ice {unknown}
Magical devices
 v - a wand of draining (10)
 B - a wand of fireball (5)
Scrolls
 h - 2 scrolls of immolation {unknown}
 j - a scroll of noise {unknown}
 q - 2 scrolls of fog {unknown}
 s - a scroll of recharging
 t - 2 scrolls of blinking
 u - 2 scrolls of remove curse
 w - a scroll of random uselessness {unknown}
 x - 2 scrolls of magic mapping
 z - a scroll of enchant armour {unknown}
 A - a scroll of fear {unknown}
 E - a scroll of identify
 J - a scroll of enchant weapon {unknown}
 K - a scroll of teleportation
Potions
 a - a potion of cancellation
 d - a potion of brilliance {unknown}
 f - a potion of might {unknown}
 g - a potion of flight {unknown}
 i - a potion of invisibility
 k - 3 potions of curing
 m - 2 potions of haste
 n - 3 potions of heal wounds
 p - 2 potions of cure mutation
 G - a potion of lignification {unknown}
 L - a potion of magic {unknown}
 M - a potion of berserk rage {unknown}
Books
 b - a Young Poisoner's Handbook

   Spells                             Type                      Level
   a - Sting                          Conjuration/Poison           1
   b - Cure Poison                    Poison                       2
   c - Mephitic Cloud                 Conjuration/Poison/Air       3
   d - Olgreb's Toxic Radiance        Poison                       4
   e - Venom Bolt                     Conjuration/Poison           5
 H - a book of Frost

   Spells                             Type                      Level
   a - Freeze                         Ice                          1
   b - Throw Frost                    Conjuration/Ice              2
   c - Ozocubu's Armour               Charms/Ice                   3
   d - Throw Icicle                   Conjuration/Ice              4
   e - Summon Ice Beast               Ice/Summoning                4
   f - Condensation Shield            Ice                          4
Comestibles
 c - 5 bread rations
 C - 7 fruits
 I - 2 meat rations


   Skills:
 + Level 5.1 Fighting
 + Level 3.9 Polearms
 + Level 4.8 Armour
 + Level 6.1 Dodging
 - Level 2.0 Stealth
 + Level 5.4 Spellcasting
 + Level 5.3 Conjurations
 - Level 4.2 Poison Magic


You had 16 spell levels left.
You knew the following spells:

 Your Spells              Type           Power        Failure   Level  Hunger
a - Sting                 Conj/Pois      ###.         2%          1    None
b - Cure Poison           Pois           ###.......   6%          2    #......


Dungeon Overview and Level Annotations

Branches:
Dungeon (8/15)             Temple (1/1) D:7
   Lair: D:8-11

Altars:
Dithmenos
Elyvilon
Gozag
Kikubaaqudgha
Makhleb
Nemelex Xobeh
Okawaru
Qazlal
Ru
Sif Muna
Vehumet
Xom
Yredelemnul
Zin
The Shining One

Annotations:
D:3 trelanon's ghost, average GrFi
D:8 Erolcha


Message History

* * * LOW HITPOINT WARNING * * *
You are engulfed in flames!
* * * LOW HITPOINT WARNING * * *
You closely miss the fire bat.
The fire bat is severely wounded.
The fire bat closely misses you. The fire bat misses you.
The fire bat barely misses you. The fire bat closely misses you.
The fire bat misses you. The fire bat closely misses you.
The fire bat barely misses you.
The fire bat bites you but does no damage.
The fire bat closely misses you. x2
The fire bat barely misses you.
Unknown command.
Unknown command.
You are near starving!
The fire bat bites you but does no damage. x3
The fire bat bites you.
* * * LOW HITPOINT WARNING * * *
You are engulfed in flames.
You die...

.. ... . .. .... #
#. #.... ..##.
#...... # # . .
..... #.#. #.#.#.#
§....###....##.#.
#...###.bb∩........
#......@b..#.#. .
#..#.#.∩b###.#
#...... ##
..........
...........
.......#...
..###....## .
.....# ...


You could see 4 fire bats.

Vanquished Creatures
  The ghost of Miyamura the Ruffian, an average VSMo of Okawaru (D:5)
  3 ogres
  3 phantoms
  4 centaurs
  An elf zombie (Ossuary)
  2 giant frogs (D:7)
  A wyvern skeleton (D:8)
  3 scorpions
  A water moccasin skeleton (D:5)
  2 quasits
  2 goliath beetles
  2 hounds
  A human zombie (Ossuary)
  A jelly (D:3)
  A centaur skeleton (D:5)
  3 centaur zombies (Ossuary)
  A giant frog skeleton (D:8)
  3 orc priests
  3 orc wizards
  7 worker ants
  2 iguanas
  2 big kobold zombies (Ossuary)
  Ijyb (D:5)
  3 hound zombies
  4 mummies
  A hound skeleton (D:6)
  A worker ant zombie (D:7)
  16 adders
  3 gnolls (D:7)
  A shadow imp (D:5)
  6 worms
  2 adder zombies (Ossuary)
  2 giant geckos
  24 orcs
  4 ball pythons
  9 bats
  8 giant cockroaches
  12 goblins
  15 hobgoblins
  9 jackals
  22 kobolds
  6 giant newts
  A gnoll zombie (Ossuary)
  3 goblin zombies (Ossuary)
  5 hobgoblin zombies (Ossuary)
  3 jackal zombies (Ossuary)
  6 kobold zombies (Ossuary)
  2 quokkas
  3 quokka zombies (Ossuary)
  8 rats
  4 rat zombies (Ossuary)
233 creatures vanquished.

Vanquished Creatures (others)
  A kobold (D:5)
1 creature vanquished.

Grand Total: 234 creatures vanquished

Notes
Turn   | Place    | Note
--------------------------------------------------------------
     0 | D:1      | Miyamura, the Human Venom Mage, began the quest for the Orb.
     0 | D:1      | Reached XP level 1. HP: 13/13 MP: 3/3
    99 | D:1      | Reached XP level 2. HP: 12/20 MP: 1/4
   478 | D:1      | Learned a level 2 spell: Cure Poison
   625 | D:1      | Reached skill level 1 in Fighting
   625 | D:1      | Reached XP level 3. HP: 21/26 MP: 0/6
  2046 | D:2      | Reached XP level 4. HP: 28/32 MP: 8/8
  2431 | D:2      | Reached skill level 1 in Armour
  2562 | D:2      | Reached skill level 1 in Conjurations
  2649 | D:2      | Reached XP level 5. HP: 37/37 MP: 6/9
  3471 | D:3      | Reached XP level 6. HP: 34/44 MP: 5/12
  3662 | D:3      | Noticed trelanon's ghost (average GrFi)
  4370 | D:4      | Found a radiant altar of Vehumet.
  4791 | D:4      | Reached XP level 7. HP: 37/51 MP: 15/15
  6091 | D:5      | Entered Level 5 of the Dungeon
  6251 | D:5      | Noticed Miyamura's ghost (average VSMo)
  6252 | D:5      | Found a deep blue altar of Sif Muna.
  6435 | D:6      | Reached skill level 1 in Polearms
  6581 | D:5      | Found a sand-covered staircase.
  6587 | Ossuary  | Entered an ossuary
  6799 | Ossuary  | Reached XP level 8. HP: 56/58 MP: 15/18
  7971 | D:5      | Noticed Ijyb
  7980 | D:5      | Killed Ijyb
  8100 | D:5      | Killed Miyamura's ghost
  8205 | D:4      | Reached skill level 5 in Dodging
  8205 | D:4      | Reached XP level 9. HP: 14/65 MP: 18/20
 10364 | D:7      | Reached skill level 5 in Spellcasting
 10541 | D:7      | Found a staircase to the Ecumenical Temple.
 10567 | Temple   | Entered the Ecumenical Temple
 10813 | Temple   | Became a worshipper of Warmaster Okawaru
 11166 | D:7      | Reached skill level 5 in Conjurations
 11783 | D:8      | Reached skill level 6 in Dodging
 11920 | D:8      | Reached skill level 5 in Fighting
 11953 | D:8      | Noticed Erolcha
 11966 | D:8      | Cast into the Abyss (Erolcha)
 11968 | Abyss:1  | Found a corrupted altar of Lugonu.
 11979 | Abyss:1  | Fell from the grace of Okawaru
 11979 | Abyss:1  | Became a worshipper of Lugonu the Unformed
 11979 | Abyss:1  | Acquired Lugonu's first power
 11980 | D:8      | Escaped the Abyss
 12197 | D:7      | Reached XP level 10. HP: 74/74 MP: 22/22
 12299 | D:8      | Cast into the Abyss (Erolcha)
 12318 | Abyss:1  | Slain by a fire bat

Action                   |  1- 3 |  4- 6 |  7- 9 | 10-12 || total
-------------------------+-------+-------+-------+-------++-------
Melee: Unarmed           |     5 |       |       |       ||     5
       Whip              |    69 |   144 |       |       ||   213
       Flail             |       |    86 |    55 |       ||   141
       Trident           |       |       |   601 |    23 ||   624
 Cast: Sting             |    46 |    72 |   102 |     8 ||   228
       Cure Poison       |     1 |     6 |     4 |       ||    11
Invok: Depart the Abyss  |       |       |     1 |       ||     1
Evoke: Wand              |       |       |     1 |       ||     1
  Use: Scroll            |       |     5 |    14 |       ||    19
       Potion            |       |       |     1 |       ||     1
 Stab: Sleeping          |     2 |       |     5 |       ||     7
  Eat: Chunk             |     4 |    10 |     9 |       ||    23
       Royal jelly       |       |       |     1 |       ||     1
       Pizza             |       |       |     1 |       ||     1
       Bread ration      |       |       |     1 |       ||     1
       Fruit             |       |       |     1 |       ||     1
       Beef jerky        |       |       |     1 |       ||     1
       Meat ration       |       |       |     1 |       ||     1
